 Dungeon Crawl Stone Soup version 0.31-a0-675-g238779eb0a (webtiles) character file.

Game seed: 383806070341718773

1359 qw the Skirmisher (level 8, -11/51 HPs)
             Began as a Gargoyle Hunter on Sept 5, 2023.
             Was an Initiate of Okawaru.
             Mangled by Menkaure (16 damage)
             ... on level 6 of the Dungeon.
             The game lasted 00:02:31 (5098 turns).

qw the Skirmisher (Gargoyle Hunter)                 Turns: 5098, Time: 00:02:31

Health: -11/51     AC: 12    Str: 18    XL:     8   Next: 64%
Magic:  8/8        EV: 17    Int: 12    God:    Okawaru [......]
Gold:   231        SH:  0    Dex: 15    Spells: 7/7 levels left

rFire   . . .        Y - +0 shortbow
rCold   . . .        (shield currently unavailable)
rNeg    + . .        n - +1 leather armour of Dishonour {Fly Will+ Str+2 Int+3}
rPois   inf          b - +0 helmet
rElec   +            (no cloak)
rCorr   .            (no gloves)
SInv    .            a - +1 pair of boots
Will    ++...        (no amulet)
Stlth   ++           f - +5 ring of evasion
HPRegen 0.28/turn    c - ring of willpower
MPRegen 0.11/turn

%: no passive effects
@: flying
A: sickness immunity, AC +5, negative energy resistance 1, electricity
resistance, torment resistance 1, petrification resistance
a: Renounce Religion


You were on level 6 of the Dungeon.
You worshipped Okawaru.
Okawaru was noncommittal.
You visited 2 branches of the dungeon, and saw 7 of its levels.
You also visited: Sewer.

You collected 231 gold pieces.


Innate Abilities, Weirdness & Mutations

You are immune to sickness and miasma.
Your stone body is resilient. (AC +5)
You are immune to poison.
You resist negative energy. (rN+)
You are resistant to electric shocks. (rElec)
You are resistant to unholy torment.
You are immune to petrification.


   Skills:
 - Level 6.0 Fighting
 + Level 9.6 Ranged Weapons
 - Level 1.0 Armour
 - Level 2.0 Dodging
 - Level 1.1 Stealth


You had 7 spell levels left.
You didn't know any spells.
Your spell library was empty.

Inventory:

Hand Weapons
 Y - a +0 shortbow (weapon)
Armour
 a - a +1 pair of boots (worn)
 b - a +0 helmet (worn)
 n - the +1 leather armour of Dishonour (worn) {Fly Will+ Str+2 Int+3}
   (You found it on level 4 of the Dungeon)

   Str+2:     It affects your strength (+2).
   Int+3:     It affects your intelligence (+3).
   Will+:     It increases your willpower.
   Fly:       It grants you flight.
 p - a +0 cloak
Jewellery
 c - a ring of willpower (right hand)
 f - a +5 ring of evasion (left hand)
 g - a ring of resist corrosion
Scrolls
 e - a scroll of identify
 m - a scroll of amnesia {unknown}
 o - a scroll of immolation {unknown}
Potions
 d - 2 potions of curing
 h - a potion of haste {unknown}
 i - a potion of cancellation
 k - a potion of enlightenment {unknown}
 l - a potion of resistance

Dungeon Overview and Level Annotations

Branches:
Dungeon (6/15)             Temple (1/1) D:5           Sewer (visited)

Altars:
Ashenzari
Cheibriados
Dithmenos
Elyvilon
Gozag
Hepliaklqana
Kikubaaqudgha
Makhleb
Nemelex Xobeh
Okawaru
Qazlal
Ru
Sif Muna
Trog
Wu Jian
Xom
Yredelemnul
Zin
The Shining One

Shops:
D:3 *

Annotations:
D:1 2 transporters
D:6 2 runed translucent doors, Menkaure


Message History

Enter note:
Enter note:
Enter note:
Enter note: You shoot an arrow.
The arrow hits the orc wizard.
The orc wizard is heavily wounded.
The orc wizard completely misses you. Menkaure hits you!!
5090 ||| DRINKING potion of heal wounds.
You feel much better. The orc wizard misses you. Menkaure closely misses you.
You shoot an arrow.
The arrow closely misses the orc wizard.
The arrow hits the orc!
You kill the orc!
Okawaru accepts your kill. Menkaure casts a spell at you.
You resist with almost no effort. The orc wizard closely misses you.
You shoot an arrow. The arrow hits the orc wizard.
The orc wizard is severely wounded.
Menkaure misses you.
The orc wizard hits you but does no damage.
You shoot an arrow. The arrow hits the orc wizard.
The orc wizard is almost dead.
Menkaure closely misses you.
You shoot an arrow. The arrow hits the orc wizard.
You kill the orc wizard!
Okawaru accepts your kill. Menkaure hits you!
You shoot an arrow. The arrow hits Menkaure!
Menkaure is heavily damaged.
Menkaure barely misses you. Menkaure closely misses you.
You shoot an arrow. The arrow hits Menkaure!
Menkaure is almost destroyed.
The orc priest completely misses you. Menkaure completely misses you.
You shoot an arrow. The arrow hits Menkaure.
Menkaure is almost destroyed.
The orc priest hits you with a +0 whip. Menkaure hits you!
You shoot an arrow. The arrow barely misses Menkaure.
The orc priest misses you. Menkaure hits you!
You die...

#####.##........##
##...........#
###...........#
##.............#
#..............#
##.............# ##
#.............# .#
##........#..##
.###..#####..##.@##
..#..## #..###Mo#
....## #. ##{)#
...## ##..# ..##
##.# .## #.. ## #..
# #.. # #.


You could see Menkaure (fast) and an orc priest.

Vanquished Creatures
  A water moccasin (D:6)
  An ogre (D:5)
  A centaur (D:6)
  Blork the orc (D:6)
  2 bullfrogs (Sewer)
  2 scorpions
  A howler monkey (D:4)
  A hound (D:5)
  2 jellies (D:6)
  2 orc priests
  2 sleepcaps
  Jessica (D:2)
  4 iguanas
  Terence (D:2)
  2 orc wizards (D:6)
  15 adders
  4 river rats
  A shadow imp (D:5)
  A white imp (D:5)
  2 worms
  4 dart slugs
  12 orcs
  16 bats
  9 endoplasms
  8 giant cockroaches
  6 goblins
  8 hobgoblins
  3 quokkas
  21 ball pythons
  4 frilled lizards
  9 kobolds
  28 rats
175 creatures vanquished.

Notes
Turn   | Place    | Note
-------+----------+-------------------------------------------
     0 | D:1      | qw the Gargoyle Hunter began the quest for the Orb.
     0 | D:1      | Reached XP level 1. HP: 12/12 MP: 1/1
     0 | D:1      | 0 ||| qw: Version: 0.3-a-75-g829b12e
     0 | D:1      | 0 ||| qw: Game counter: 77
     0 | D:1      | 0 ||| qw: Melee chars always use a shield: true
     0 | D:1      | 0 ||| qw: God list: Okawaru
     0 | D:1      | 0 ||| qw: Allow faded altars: false
     0 | D:1      | 0 ||| qw: Do Orc after clearing Dungeon:15 true
     0 | D:1      | 0 ||| qw: Do second Lair branch before Depths: true
     0 | D:1      | 0 ||| qw: Lair rune preference: random
     0 | D:1      | 0 ||| qw: Goals: Normal
     0 | D:1      | 0 ||| PLANNING D:1-11
    49 | D:1      | You fall into a shaft and drop 1 floor!
    67 | D:2      | Reached XP level 2. HP: 16/17 MP: 2/2
   101 | D:2      | 101 ||| READING scroll labelled GYSILO ECHUUGU.
   102 | D:2      | 102 ||| DROPPING scroll of butterflies.
   107 | D:2      | 107 ||| FLEEEEING.
   109 | D:2      | 109 ||| STAIRDANCE
   195 | D:1      | Reached XP level 3. HP: 21/21 MP: 3/3
   237 | D:1      | Reached skill level 5 in Ranged Weapons
   662 | D:1      | Found a faded altar of an unknown god.
   895 | D:1      | 895 ||| UPGRADING to +0 ring mail.
   905 | D:1      | 905 ||| DROPPING +0 leather armour.
   906 | D:1      | 906 ||| UPGRADING to +5 ring of evasion.
   907 | D:1      | 907 ||| READING 2 scrolls labelled LONAT MICOTT.
   908 | D:1      | 908 ||| READING scroll labelled KOATRA PIACSO.
   912 | D:1      | 912 ||| DRINKING 2 purple potions.
   951 | D:2      | Reached skill level 1 in Armour
   962 | D:2      | Reached XP level 4. HP: 27/27 MP: 4/4
   977 | D:2      | Reached skill level 3 in Fighting
   978 | D:2      | Noticed Terence
   986 | D:2      | Killed Terence
  1012 | D:2      | Noticed Jessica
  1016 | D:2      | Killed Jessica
  1170 | D:2      | Reached XP level 5. HP: 32/32 MP: 5/5
  1414 | D:2      | 1414 ||| UPGRADING to ring of willpower.
  1415 | D:2      | 1415 ||| READING scroll labelled VEUMAHUUNU.
  1416 | D:2      | 1416 ||| READING 2 scrolls of identify.
  1416 | D:2      | 1416 ||| IDENTIFYING puce potion
  1417 | D:2      | 1417 ||| DROPPING potion of lignification.
  1425 | D:3      | Found Amihul's General Store.
  1430 | D:3      | 1430 ||| SHOPLISTING +3 steam dragon scales "Atie" {Will++
                  | MP+9 Dex-5 Stlth+} (872 gold, have 78).
  1430 | D:3      | 1430 ||| SHOPLISTING potion of mutation (80 gold, have 78).
  1460 | D:3      | Reached skill level 6 in Ranged Weapons
  1625 | D:3      | Found a broken altar of Ashenzari.
  1817 | D:3      | 1817 ||| UPGRADING to +0 pair of boots.
  1970 | D:3      | Found a glowing golden altar of the Shining One.
  2106 | D:3      | 2106 ||| READING scroll labelled CIYSKA UVIEKLO.
  2252 | D:4      | 2252 ||| PLANNING SEWER
  2270 | D:4      | Reached XP level 6. HP: 38/38 MP: 6/6
  2589 | D:4      | Identified the +1 leather armour of Dishonour {Fly Will+
                  | Str+2 Int+3}
  2631 | D:4      | 2631 ||| Stepping ~*~*~tactically~*~*~ (water).
  2633 | D:4      | 2633 ||| Stepping ~*~*~tactically~*~*~ (water).
  2674 | D:4      | Found a glowing drain.
  2675 | D:4      | 2675 ||| UPGRADING to +1 leather armour of Dishonour {Fly
                  | Will+ Str+2 Int+3}.
  2685 | D:4      | 2685 ||| DROPPING +0 ring mail.
  2686 | D:4      | 2686 ||| READING scroll labelled HATISE HOACKYM.
  2692 | Sewer    | Entered a sewer
  2708 | Sewer    | Reached skill level 7 in Ranged Weapons
  2938 | Sewer    | 2938 ||| DROPPING +1 sling of freezing.
  2967 | Sewer    | Reached XP level 7. HP: 43/43 MP: 7/7
  3072 | Sewer    | HP: 6/43 [bullfrog (7)]
  3073 | Sewer    | 3073 ||| READING scroll of teleportation.
  3300 | Sewer    | 3300 ||| READING 2 scrolls labelled FOSUR QEFO.
  3301 | Sewer    | 3301 ||| READING scroll labelled TIMUSM ABOIMNU.
  3302 | Sewer    | 3302 ||| READING scroll labelled ZEGROCK LAM HEOP.
  3303 | Sewer    | 3303 ||| READING scroll labelled INTEOXK NYSAVO.
  3304 | Sewer    | 3304 ||| DRINKING 2 inky potions.
  3305 | Sewer    | 3305 ||| READING 3 scrolls of identify.
  3305 | Sewer    | 3305 ||| IDENTIFYING yellow potion
  3306 | Sewer    | 3306 ||| READING 2 scrolls of identify.
  3306 | Sewer    | 3306 ||| IDENTIFYING cyan potion
  3307 | Sewer    | 3307 ||| DROPPING potion of ambrosia.
  3308 | Sewer    | 3308 ||| DROPPING scroll of summoning.
  3312 | D:4      | 3312 ||| PLANNING D:1-11
  3624 | D:5      | Entered Level 5 of the Dungeon
  3635 | D:5      | 3635 ||| RETREATING.
  3646 | D:5      | Reached skill level 8 in Ranged Weapons
  3699 | D:5      | 3699 ||| READING scroll of enchant armour.
  3699 | D:5      | 3699 ||| ENCHANTING +0 pair of boots.
  3823 | D:5      | Found a basalt altar of Yredelemnul.
  4112 | D:5      | Reached XP level 8. HP: 47/50 MP: 8/8
  4146 | D:5      | Found a staircase to the Ecumenical Temple.
  4147 | D:5      | 4147 ||| PLANNING TEMPLE
  4147 | D:5      | 4147 ||| UPGRADING to +0 helmet.
  4152 | D:5      | 4152 ||| DRINKING 2 fuming yellow potions.
  4159 | Temple   | Entered the Ecumenical Temple
  4160 | Temple   | 4160 ||| PLANNING OKAWARU WORSHIP
  4180 | Temple   | Became a worshipper of Warmaster Okawaru
  4181 | Temple   | 4181 ||| PLANNING D:1-11
  4362 | D:6      | Found a large runed translucent door.
  4362 | D:6      | Found a large runed translucent door.
  4500 | D:6      | Identified the +12 short sword of a wizard's laboratory
                  | {chaos, rN+++ Will+ Str+6}
  4589 | D:6      | Noticed Blork the orc
  4601 | D:6      | Killed Blork the orc
  4737 | D:6      | Reached skill level 9 in Ranged Weapons
  4829 | D:6      | Reached skill level 6 in Fighting
  4858 | D:6      | Reached * piety under Okawaru
  4946 | D:6      | 4946 ||| INVOKING Heroism.
  4995 | D:6      | Found a bloodstained altar of Trog.
  5077 | D:6      | Noticed Menkaure
  5083 | D:6      | 5083 ||| RETREATING.
  5089 | D:6      | HP: 10/51 [Menkaure (19)]
  5090 | D:6      | 5090 ||| DRINKING potion of heal wounds.
  5097 | D:6      | HP: 5/51 [Menkaure (11)]
  5098 | D:6      | Mangled by Menkaure

Levels and vault maps discovered:
D:1:      spicycebolla_arrival_transporter_tutorial, layout_basic,
          shapermc_ecumenical_altar_mp_highgroup
D:2:      layout_basic, uniq_terence, uniq_jessica
D:3:      layout_loops_ring, evilmike_ruin_ashenzari, tso_altar, serial_glass,
          glass_columns_b, glass_columns_a, serial_shops, shop
D:4:      layout_basic, gup_sewer_entry_bubbles
D:5:      layout_basic, mainiacjoe_overflow_paths, minmay_temple_entry_mist,
          roderic_batcave
D:6:      due_chaos_kobolds, layout_cave_pods, lightli_temple_of_fire,
          corexii_leaking_fountain, uniq_blork_the_orc, uniq_menkaure
Temple:   nicolae_temple_superstar

Skill      XL: |  1  2  3  4  5  6  7  8 |
---------------+-------------------------+-----
Ranged Weapons | 5 6 7 8 9 |  9.6
Armour         | 1 |  1.0
Fighting       | 3 4 5 6 |  6.0
Dodging        | 2 |  2.0
Stealth        | |  1.1

Action                     |  1- 3 |  4- 6 |  7- 9 || total
---------------------------+-------+-------+-------++-------
   Fire: Shortbow          |   102 |   294 |   267 ||   663
 Invoke: Heroism           |       |       |     1 ||     1
    Use: Scroll            |     3 |     4 |     8 ||    15
         Potion            |     1 |       |     3 ||     4
 Armour: Leather armour    |    24 |    24 |    92 ||   140
         Ring mail         |     1 |    37 |       ||    38
  Dodge: Dodged            |    17 |   134 |   178 ||   329

Table legend:
 A = Non-vault XP
 B = Vault XP
 C = Vault XP percentage of total XP
 D = Non-vault monster count
 E = Vault monster count
 F = Vault count percentage of total count
                 A         B        C        D         E       F
            +---------+---------+-------+---------+---------+-------
      Total |    1423 |     519 |  26.7 |     113 |      62 |  35.4
            +---------+---------+-------+---------+---------+-------
        D:1 |      44 |       0 |   0.0 |      29 |       0 |   0.0
        D:2 |      70 |      73 |  51.0 |      20 |       2 |   9.1
        D:3 |     123 |       0 |   0.0 |      19 |       0 |   0.0
        D:4 |     195 |      24 |  11.0 |      17 |       6 |  26.1
        D:5 |     441 |      10 |   2.2 |      14 |       8 |  36.4
        D:6 |     550 |      94 |  14.6 |      14 |       1 |   6.7
      Sewer |       0 |     318 | 100.0 |       0 |      45 | 100.0
            +---------+---------+-------+---------+---------+-------
